 Dungeon Crawl Stone Soup version 0.30.0-11-gf55b779eaf (webtiles) character file.

Game seed: 2893154783153937881

42 tbole the Covered (level 4, -2/40 HPs)
             Began as a Meteoran Fighter on May 16, 2023.
             Slain by a hobgoblin (5 damage)
             ... on level 3 of the Dungeon.
             The game lasted 00:08:14 (1123 turns).

tbole the Covered (Meteoran Fighter)                Turns: 1123, Time: 00:08:14

Health: -2/40      AC:  0    Str: 19    XL:     4   Next: 3%
Magic:  5/5        EV: 11    Int: 10    God:
Gold:   80         SH:  5    Dex: 13    Spells: 3/3 levels left

rFire   . . .        a - +0 flail
rCold   . . .        c - +0 buckler
rNeg    . . .        (no body armour)
rPois   .            (no helmet)
rElec   .            (no cloak)
rCorr   .            (no gloves)
SInv    .            (no boots)
Will    .....        (no amulet)
Stlth   +            (no ring)
HPRegen 0.26/turn    (no ring)
MPRegen 0.09/turn

%: no passive effects
@: mighty, glowing
A: sense surroundings 1, otherworldly, glowing, explore regen
a: no special abilities


You were on level 3 of the Dungeon.
You visited 1 branch of the dungeon, and saw 3 of its levels.

You collected 80 gold pieces.

Inventory:

Hand Weapons
 a - a +0 flail (weapon)
Armour
 b - a +0 scale mail
 c - a +0 buckler (worn)
 i - a +0 plate armour
Jewellery
 j - a ring of wizardry
Scrolls
 f - a scroll of teleportation
 h - a scroll of enchant weapon {unknown}
Potions
 e - a potion of attraction {unknown}
 g - a potion of magic {unknown}


   Skills:
 + Level 3.6 Fighting
 + Level 3.2 Maces & Flails
 + Level 4.4 Armour
 + Level 0.4 Dodging
 + Level 3.9 Shields


You had 3 spell levels left.
You didn't know any spells.
Your spell library was empty.

Dungeon Overview and Level Annotations

Branches:
Dungeon (3/15) Zot: 648

Altars:


Innate Abilities, Weirdness & Mutations

You passively map a small area around you.
You are easily found by Zot.
You glow in the dark.
You regain HP and MP as you explore.


Message History

You climb downwards.
As you enter the new level, Zot loses track of you.
HP restored.
You feel sick.
The hobgoblin shouts!
Found a yellow potion, a scroll labelled GURESYACUJ and 9 stones.
Found a stone staircase leading down and a stone staircase leading up.
There is a stone staircase leading up here.
You barely miss the adder.
You feel sick. The adder barely misses you. The adder closely misses you.
You closely miss the adder.
You feel sick. The adder bites you. The adder closely misses you.
You closely miss the adder.
You feel sick.
You are no longer poisoned.
The adder closely misses you.
You miss the adder. The adder barely misses you. The adder bites you.
The hobgoblin hits you.
You miss the adder. The adder bites you.
You are poisoned.
The adder poisons you! The hobgoblin closely misses you. The adder misses you.
You feel very mighty all of a sudden.
You feel sick. The hobgoblin hits you. The adder misses you.
You barely miss the adder.
You feel sick. The adder bites you.
You are more poisoned.
The adder poisons you! The hobgoblin hits you.
You thump the adder!
You kill the adder!
You feel sick. You block the hobgoblin's attack. x2
You have reached level 4!
You barely miss the hobgoblin.
You feel sick. The hobgoblin hits you.
* * * LOW HITPOINT WARNING * * *
Unknown command.
Unknown command.
You closely miss the hobgoblin.
You feel sick. The hobgoblin closely misses you.
You barely miss the hobgoblin.
You feel sick. The hobgoblin hits you.
* * * LOW HITPOINT WARNING * * *
You closely miss the hobgoblin.
You feel sick.
You are no longer poisoned.
The hobgoblin hits you.
You die...

###########
#......(..#
#.?.......#
#.....!...# *
*#.........#
...#..†......#
.......@g....#*
....######.>.<.
. * ### * * * ,
, , ,* ,, , *
*,


You could see a hobgoblin.

Vanquished Creatures
  An adder (D:3)
  A dart slug (D:2)
  A ball python (D:2)
  4 endoplasms
  A giant cockroach (D:2)
  5 goblins
  2 hobgoblins (D:2)
  A quokka (D:1)
  4 bats
  3 frilled lizards (D:2)
  5 kobolds
  A rat (D:2)
29 creatures vanquished.

Notes
Turn   | Place    | Note
-------+----------+-------------------------------------------
     0 | D:1      | tbole the Meteoran Fighter began the quest for the Orb.
     0 | D:1      | Reached XP level 1. HP: 19/19 MP: 2/2
   202 | D:1      | Reached XP level 2. HP: 26/26 MP: 3/3
   435 | D:1      | Reached skill level 4 in Armour
   488 | D:1      | Glimpsed the power of Zot.
   677 | D:2      | Reached XP level 3. HP: 31/31 MP: 4/4
  1075 | D:2      | Glimpsed the power of Zot.
  1120 | D:3      | Reached XP level 4. HP: 14/40 MP: 5/5
  1123 | D:3      | Slain by a hobgoblin

Illustrated notes

Levels and vault maps discovered:
D:1:      sevenhm_arrival_forest_fort_small_3, layout_loops_ring
D:2:      minmay_door_path, layout_basic
D:3:      layout_rooms, uniq_natasha, uniq_robin, uniq_jessica

Skill      XL: |  1  2  3 |
---------------+----------+-----
Armour         | 4 |  4.4
Maces & Flails | 3 |  3.2
Fighting       | |  3.6
Dodging        | |  0.4
Shields        | |  3.9

Action                     |  1- 3 |  4- 6 || total
---------------------------+-------+-------++-------
  Melee: Flail             |    93 |     4 ||    97
    Use: Scroll            |     3 |       ||     3
         Potion            |     1 |       ||     1
 Armour: Scale mail        |    36 |       ||    36
  Dodge: Dodged            |    30 |     1 ||    31
  Block: Buckler           |    24 |       ||    24
